 Dungeon Crawl Stone Soup version 0.16.2-12-gd0ad4c3 (webtiles) character file.

12 GammafunkIsRetarded the Magician (level 2, 0/18 HPs)
             Began as a High Elf Ice Elementalist on June 8, 2018.
             Was an Initiate of Nemelex Xobeh.
             Slain by a worker ant (2 damage)
             ... on level 4 of the Dungeon.
             The game lasted 00:04:24 (461 turns).

GammafunkIsRetarded the Magician (HEIE)              Turns: 461, Time: 00:04:24

Health: 0/18       AC:  3    Str:  7    XL:     2   Next: 20%
Magic:  5/6        EV: 12    Int: 18    God:    Nemelex Xobeh [......]
Gold:   55         SH:  0    Dex: 15    Spells: 1 memorised, 6 levels left

rFire  . . .     SeeInvis .     a - +2 war axe (flame)
rCold  . . .     Clarity  .     k - +0 robe
rNeg   . . .     SustAb   .     (no shield)
rPois  .         Gourm    .     d - +0 helmet (curse)
rElec  .         Spirit   .     (no cloak)
rCorr  .         Warding  .     (no gloves)
rMut   .         Stasis   .     (no boots)
MR     .....                    (no amulet)
Stlth  ++........               (no ring)
                                (no ring)

@: not resistant to hostile enchantments, unstealthy
A: low mp 1
a: Renounce Religion


You were on level 4 of the Dungeon.
You worshipped Nemelex Xobeh.
Nemelex Xobeh was noncommittal.
You were not hungry.

You visited 2 branches of the dungeon, and saw 5 of its levels.

You collected 55 gold pieces.

Inventory:

Hand weapons
 a - a +2 war axe of flaming (weapon)
 h - a +0 quarterstaff
Armour
 d - a cursed +0 helmet (worn)
 k - a +0 robe (worn)
Jewellery
 j - an uncursed ring of ice {unknown}
Scrolls
 e - 2 scrolls of identify {unknown}
 n - a scroll of teleportation {unknown}
Potions
 i - a potion of mutation
 m - a potion of curing {unknown}
Books
 b - a book of Frost

   Spells                             Type                      Level
   a - Freeze                         Ice                          1
   b - Throw Frost                    Conjuration/Ice              2
   c - Ozocubu's Armour               Charms/Ice                   3
   d - Throw Icicle                   Conjuration/Ice              4
   e - Summon Ice Beast               Ice/Summoning                4
   f - Condensation Shield            Ice                          4
Miscellaneous
 l - a plain deck of escape {drawn: 3}
Comestibles
 c - 2 bread rations
 f - 2 fruits
 g - a meat ration
 o - a beef jerky


   Skills:
 + Level 0.4 Fighting
 + Level 2.1 Dodging
 - Level 2.1 Stealth
 - Level 3.1 Spellcasting
   Level 1.1 Conjurations
 - Level 3.0 Ice Magic
 + Level 0.4 Evocations


You had 6 spell levels left.
You knew the following spells:

 Your Spells              Type           Power        Failure   Level  Hunger
a - Freeze                Ice            ##..         6%          1    None


Dungeon Overview and Level Annotations

Branches:
Dungeon (4/15)             Temple (1/1) D:4

Altars:
Elyvilon
Fedhas
Nemelex Xobeh
Zin

Annotations:
D:2 Jessica
D:4 Natasha


Innate Abilities, Weirdness & Mutations

Your magical capacity is low (-10% MP).


Message History

You see here a beef jerky.
o - a beef jerky The helpless worker ant fails to defend itself.
You hit the worker ant but do no damage.
The worker ant closely misses you. The worker ant bites you!
* * * LOW HITPOINT WARNING * * *
Unknown command.
Casting: Freeze
Confirm with . or Enter, or press ? or * to list all spells.
Aiming: Freeze
Press: ? - help, Shift-Dir - straight line, f - worker ant
Aim: a worker ant You freeze the worker ant.
The worker ant is lightly wounded.
Drink which item? (? for menu, Esc to quit)
Okay, then.
Evoke which item? (* to show all) (? for menu, Esc to quit)
You draw a card...
It is the Elixir.
The worker ant bites you.
You die...
Your body disappears without a glow.

# ##########
.........##############
####†#.#....(..a@.....#
# #.# ..#########.#.#
#.# ##.#..# # #<#
#.#...# ####.....#
##...## ...#####.#
##.## ##.# #.# # #
##+## #.# # ##...## #.#


You could see a worker ant.

Vanquished Creatures
  A crimson imp (D:4)
  A bat skeleton (D:4)
  2 giant cockroaches
  2 goblins
  A hobgoblin (D:4)
  A kobold (D:2)
  3 bats
  3 rats
14 creatures vanquished.

Notes
Turn   | Place    | Note
--------------------------------------------------------------
     0 | D:1      | GammafunkIsRetarded, the High Elf Ice Elementalist, began the quest for the Orb.
     0 | D:1      | Reached XP level 1. HP: 11/11 MP: 4/4
   110 | D:2      | Noticed Jessica
   204 | D:4      | Found a staircase to the Ecumenical Temple.
   210 | Temple   | Entered the Ecumenical Temple
   224 | Temple   | Became a worshipper of Nemelex Xobeh the Trickster
   225 | Temple   | Received a gift from Nemelex Xobeh
   245 | D:4      | Reached XP level 2. HP: 17/17 MP: 7/7
   280 | D:4      | Noticed Natasha
   285 | D:4      | Gained mutation: Your magical capacity is low (-10% MP). [potion of mutation]
   285 | D:4      | Gained mutation: You are frail (-10% HP). [potion of mutation]
   285 | D:4      | Lost mutation: You are frail (-10% HP). [potion of mutation]
   454 | D:4      | Noticed a worker ant
   461 | D:4      | Slain by a worker ant

Action                   || total
-------------------------++-------
Melee: War axe           ||    16
 Cast: Freeze            ||    11
Evoke: Deck              ||     3
  Use: Potion            ||     1
 Stab: Sleeping          ||     5
